AoeStats
← AOKI_GworK

Arabia

508439530Analyzed
1v1 RM · 9d ago on Sep 22, 2026· 18m 23s· 2 players
Game mode
Random Map
Map size
Tiny (2 player)
Population
200
Speed
Normal
Resources
Standard
Victory
Conquest
Starting age
Dark Age
Ending age
Imperial Age
RankedLock teamsTeams togetherTeam positionsShared explorationLock speedFull tech treeHidden civsTurbo modeCheats
Victory
Defeat
🇫🇷 Goths · France
1864
+12
1765
-12
AOKI_GworK
3:54 Loom
9:40 Feudal Age
9:50 Man-at-Arms
11:33 Double-Bit Axe
15:28 Fletching
16:34 Padded Archer Armor
17:27 Scale Mail Armor
19:01 Forging
Coriandrum sativum
6:13 Loom
8:51 Feudal Age
10:12 Double-Bit Axe
17:26 Fletching
18:30 Padded Archer Armor
Connection lost

Rejoining the realm…

Still unreachable

The connection could not be restored.

Session expired

The server has moved on; the page needs a fresh start.